 Dungeon Crawl Stone Soup version 0.29-a0-1065-g47a6bb87d6 (webtiles) character file.

Game seed: 6819024076702177648

2764 ytrimaz the Martial Artist (level 9, -15/53 HPs)
             Began as an Octopode Transmuter on Aug 19, 2022.
             Demolished by a cyclops (28 damage)
             ... on level 8 of the Dungeon.
             The game lasted 00:09:51 (10899 turns).

ytrimaz the Martial Artist (Octopode Transmuter)   Turns: 10899, Time: 00:09:52

Health: -15/53     AC:  2    Str:  5    XL:     9   Next: 69%
Magic:  10/12      EV: 30    Int: 24    God:
Gold:   433        SH:  0    Dex: 17    Spells: 2/12 levels left

rFire   . . .      SeeInvis +     - Unarmed
rCold   + . .      Faith    .   (shield currently unavailable)
rNeg    . . .      Spirit   .   (helmet currently unavailable)
rPois   x          Reflect  .   (no amulet)
rElec   .          Harm     .   f - ring of see invisible
rCorr   .          Rampage  .   c - ring of Walyo {rC+ EV+4 Str-4 Int+4}
Will    .....                   (no ring)
Stlth   ++........              (no ring)
HPRegen 0.17/turn               (no ring)
MPRegen 0.13/turn               (no ring)
                                (no ring)
                                (no ring)

@: spider-form (expiring)
A: venomous fangs, almost no armour, (amphibious), 8 rings, tiny, (camouflage
1), (gelatinous body 1), (nimble swimmer 1), (tentacles)
a: End Transformation


You were on level 8 of the Dungeon.
You were a venomous arachnid creature.
You visited 2 branches of the dungeon, and saw 9 of its levels.
You also visited: Sewer.

You collected 433 gold pieces.

Inventory:

Jewellery
 c - the ring of Walyo (right front leg) {rC+ EV+4 Str-4 Int+4}
   (You acquired it on level 2 of the Dungeon)

   [ring of evasion]

   EV:        It affects your evasion (+4).
   Str:       It affects your strength (-4).
   Int:       It affects your intelligence (+4).
   rC:        It protects you from cold.
 f - a ring of see invisible (left front leg)
 l - a ring of flight
Wands
 o - a wand of flame (20)
 s - a wand of polymorph (8)
Scrolls
 b - a scroll of silence
 d - 2 scrolls of teleportation
 j - a scroll of amnesia
 x - a scroll of blinking
 y - 2 scrolls of brand weapon
Potions
 a - 2 potions of lignification
 e - 3 potions of attraction
 g - 6 potions of resistance
 h - 2 potions of brilliance {unknown}
 i - 2 potions of ambrosia
 k - 4 potions of magic {unknown}
 m - 3 potions of berserk rage {unknown}
 n - 2 potions of curing
 p - a potion of might
 q - 2 potions of haste
 r - 3 potions of invisibility
 t - a potion of flight {unknown}
 u - a potion of heal wounds {unknown}
 w - a potion of mutation {unknown}


   Skills:
 + Level 1.1 Fighting
 * Level 9.2 Dodging
 - Level 10.0 Unarmed Combat
 - Level 2.0 Spellcasting
 - Level 2.0 Transmutations


You had 2 spell levels left.
You knew the following spells:

 Your Spells              Type           Power      Damage    Failure   Level
a - Beastly Appendage     Tmut           24%        N/A       16%         1
b - Wereblood             Tmut           12%        N/A       21%         2
c - Spider Form           Tmut/Pois      7%         N/A       45%         3
d - Ice Form              Ice/Tmut       7%         N/A       80%         4

Your spell library contained the following spells:

 Spells                   Type           Power      Damage    Failure   Level
 Sting                    Tmut/Pois      28%        1d4       21%         1
 Magic Dart               Conj           8%         1d3       28%         1
 Call Imp                 Summ           2%         N/A       38%         2
 Ensorcelled Hibernation  Hex/Ice        4%         N/A       38%         2
 Poisonous Vapours        Pois/Air       4%         N/A       38%         2
 Ignite Poison            Fire/Tmut/Pois 5%         N/A       50%         3
 Confusing Touch          Hex            2%         N/A       56%         3
 Mephitic Cloud           Conj/Pois/Air  2%         N/A       56%         3
 Tukima's Dance           Hex            2%         N/A       56%         3
 Anguish                  Hex/Necr       1%         N/A       89%         4
 Corpse Rot               Necr/Pois/Air  2%         N/A       89%         4
 Olgreb's Toxic Radiance  Pois           2%         N/A       89%         4
 Passage of Golubria      Tloc           2%         N/A       89%         4
 Yara's Violent Unravell  Hex/Tmut       3%         3d4       98%         5
 Freezing Cloud           Conj/Ice/Air   1%         6-21      99%         5
 Enfeeble                 Hex            1%         N/A       100%        7


Dungeon Overview and Level Annotations

Branches:
Dungeon (8/15)             Temple (1/1) D:7           Sewer (visited)
   Lair: D:8-11

Altars:
Dithmenos
Elyvilon
Gozag
Hepliaklqana
Kikubaaqudgha
Makhleb
Nemelex Xobeh
Okawaru
Qazlal
Ru
Sif Muna
Trog
Uskayaw
Vehumet
Wu Jian
Yredelemnul
Zin
The Shining One

Annotations:
D:4 1 runed translucent door
D:5 exclusion: 2 orc priests


Innate Abilities, Weirdness & Mutations

You are a venomous arachnid creature.
You have poisonous fangs.
You are tiny and dextrous.
Your spellcasting is less reliable in this form.
Your armour is entirely melded.
You are incapable of wielding weapons or throwing items.
You cannot wear most types of armour.
((You are amphibious.))
You can wear up to eight rings at the same time.
((Your skin changes colour to match your surroundings (Stealth+).))
((Your rubbery body absorbs attacks. (AC +1, EV +1)))
((You are camouflaged when in or above water. (Stealth+)))
((You have tentacles for arms and can constrict up to eight enemies at once.))


Message History

There is a stone staircase leading up here.
e - 3 potions of attraction (gained 1)
Found 4 stones.
A cyclops comes into view.
Found a scroll of identify.
A cyclops is nearby!
A cyclops is nearby!
Casting: Spider Form (dangerous; 24% risk of failure)
Confirm with . or Enter, or press ? or * to list all spells.
Okay, then.
Casting: Spider Form (dangerous; 24% risk of failure)
Confirm with . or Enter, or press ? or * to list all spells.
You turn into a venomous arachnid creature.
The cyclops shouts!
You hit the cyclops.
The cyclops is poisoned.
The cyclops is lightly wounded.
The cyclops barely misses you.
You hit the cyclops but do no damage.
The cyclops is lightly wounded.
You hit the cyclops but do no damage.
The cyclops looks as sick as possible!
The cyclops is lightly wounded.
Your transformation is almost over.
The cyclops hits you!!
You hit the cyclops but do no damage.
The cyclops looks as sick as possible!
The cyclops is lightly wounded.
The cyclops completely misses you.
You bite the cyclops!
The cyclops looks as sick as possible!
The cyclops is moderately wounded.
You bite the cyclops!
The cyclops is heavily wounded.
The cyclops hits you!!
* * * LOW HITPOINT WARNING * * *
You hit the cyclops but do no damage.
The cyclops looks as sick as possible!
The cyclops is heavily wounded.
Unknown command.
You hit the cyclops but do no damage.
The cyclops looks as sick as possible!
The cyclops is heavily wounded.
The cyclops hits you!!
Ouch! That really hurt!
You die...

# ## ##.#.###
#.#.... #C..# #s#
###.#######
#.........#
#.#.#####.# .
#.#.# #.# ...
#.#.#####.##.....
#.#.#........(...
#.#.#.###.##.....
#.?.#.# #.# ....


You could see a cyclops (extremely poisoned).

Vanquished Creatures
  Pikel (D:6)
  Edmund (D:5)
  A water moccasin (D:6)
  An orc warrior (D:6)
  3 black bears
  2 ogres (D:6)
  2 ice beasts (D:7)
  3 centaurs
  2 lemures (D:6)
  2 kobold brigands
  A necrophage (D:5)
  A scorpion (D:6)
  A howler monkey (D:7)
  A gnoll bouda (D:7)
  2 hounds
  3 orc priests
  Jessica (D:3)
  7 orc wizards
  A human skeleton (D:4)
  3 iguanas
  5 gnolls
  11 adders
  3 river rats (Sewer)
  A shadow imp (D:7)
  An ufetubus (D:6)
  2 worms
  2 dart slugs (D:1)
  24 orcs
  13 ball pythons
  11 endoplasms
  3 giant cockroaches
  7 goblins
  5 hobgoblins
  8 jackals
  18 kobolds
  5 quokkas
  2 bats
  5 frilled lizards
  A kobold skeleton (D:4)
  9 rats
175 creatures vanquished.

Notes
Turn   | Place    | Note
-------+----------+-------------------------------------------
     0 | D:1      | ytrimaz the Octopode Transmuter began the quest for the
                  | Orb.
     0 | D:1      | Reached XP level 1. HP: 13/13 MP: 3/3
    93 | D:1      | Reached XP level 2. HP: 14/18 MP: 5/5
   423 | D:1      | Found a faded altar of an unknown god.
   765 | D:1      | Reached XP level 3. HP: 10/23 MP: 4/6
  1707 | D:2      | Reached skill level 4 in Unarmed Combat
  1743 | D:2      | Learned a level 2 spell: Wereblood
  1747 | D:2      | Learned a level 3 spell: Spider Form
  1909 | D:2      | Found a bloodstained altar of Trog.
  1933 | D:2      | Reached XP level 4. HP: 28/28 MP: 5/7
  2002 | D:2      | Identified a scroll of acquirement
  2002 | D:2      | Acquired the ring of Walyo {rC+ EV+4 Str-4 Int+4}
  3240 | D:3      | Noticed Jessica
  3247 | D:3      | Killed Jessica
  3248 | D:3      | Reached XP level 5. HP: 28/33 MP: 6/8
  3963 | D:4      | Noticed a human
  3964 | D:4      | Found a runed translucent door.
  3969 | D:4      | Reached skill level 5 in Unarmed Combat
  3973 | D:4      | Found a basalt altar of Yredelemnul.
  4068 | D:4      | Found a glowing drain.
  4077 | Sewer    | Entered a sewer
  4116 | Sewer    | Reached XP level 6. HP: 34/38 MP: 6/9
  5197 | D:4      | Reached skill level 5 in Dodging
  5201 | D:4      | Reached skill level 6 in Unarmed Combat
  5201 | D:4      | Reached XP level 7. HP: 20/43 MP: 8/10
  5834 | D:5      | Entered Level 5 of the Dungeon
  6306 | D:5      | Learned a level 4 spell: Ice Form
  6528 | D:5      | Reached skill level 7 in Unarmed Combat
  7334 | D:5      | Noticed Edmund
  7353 | D:5      | Killed Edmund
  7354 | D:5      | Reached XP level 8. HP: 47/48 MP: 6/11
  7885 | D:6      | Identified the ring "Soyzon" {MP+9 Str-3 Int+5 SInv}
  8110 | D:6      | Reached skill level 8 in Unarmed Combat
  8257 | D:6      | Found a glowing golden altar of the Shining One.
  8440 | D:6      | Noticed Pikel
  8549 | D:6      | Killed Pikel
  8550 | D:6      | Reached skill level 9 in Unarmed Combat
  8550 | D:6      | Reached XP level 9. HP: 29/53 MP: 7/12
  9813 | D:7      | Reached skill level 10 in Unarmed Combat
 10145 | D:7      | Found a staircase to the Ecumenical Temple.
 10168 | Temple   | Entered the Ecumenical Temple
 10396 | D:7      | Found an opulent altar of Gozag.
 10397 | D:7      | Found a radiant altar of Vehumet.
 10437 | D:7      | Found a bloodstained altar of Trog.
 10455 | D:7      | Found an ornate altar of the Wu Jian Council.
 10731 | D:7      | Found a sacrificial altar of Ru.
 10731 | D:7      | Found a shimmering blue altar of Sif Muna.
 10886 | D:8      | Noticed a cyclops
 10899 | D:8      | Demolished by a cyclops

Illustrated notes

Levels and vault maps discovered:
D:1:      dpeg_arrival_leaves_temple_mockup, layout_basic,
          serial_co_window_serial, co_window_of_opportunity_a,
          co_window_of_opportunity_a, co_window_paths_a, co_window_paths_b,
          co_window_paths_a, co_window_corner_a, co_window_of_opportunity_b,
          co_window_cross_2, co_window_cross_4, glass_columns_a,
          glass_columns_a, glass_columns_a, glass_columns_c, glass_columns_c,
          ebering_ecumenical_altar_box
D:2:      layout_basic, basic_altar
D:3:      minmay_angry_zag, layout_loops_cross, minivault_5, uniq_jessica
D:4:      layout_cave_pods, dk_yredelemnul_ordeal, portal_sewer_entry_b
D:5:      layout_layer_cave, chequers_serial_rivers_marsh, grunt_decor_clamped,
          uniq_edmund
D:6:      layout_basic, mainiacjoe_overflow_alcove_2, uniq_pikel
D:7:      layout_cave_pools, grunt_temple_overflow_open,
          mainiacjoe_overflow_catwalk, nicolae_overflow_hidden_temple,
          minmay_temple_entry_mist
D:8:      lemuel_slime, layout_loops_ring, david_lair_shrubbed
Temple:   dpeg_chambers_temple

Skill      XL: |  1  2  3  4  5  6  7  8  9 |
---------------+----------------------------+-----
Unarmed Combat | 4 5 6 7 9 10 | 10.0
Dodging        | 3 4 5 6 8 9 |  9.2
Fighting       | |  1.1
Spellcasting   | |  2.0
Transmutations | |  2.0

Action                   |  1- 3 |  4- 6 |  7- 9 || total
-------------------------+-------+-------+-------++-------
Melee: Unarmed           |    62 |   164 |   285 ||   511
       Constrict         |    19 |    33 |    24 ||    76
       Tentacles         |    13 |    29 |    26 ||    68
       Kick              |    12 |    47 |    40 ||    99
       Punch             |     3 |     6 |     3 ||    12
 Cast: Beastly Appendage |    24 |    36 |    21 ||    81
       Wereblood         |       |     3 |     6 ||     9
       Spider Form       |       |       |    26 ||    26
  Use: Scroll            |     7 |     6 |     6 ||    19
       Potion            |       |     3 |       ||     3
 Stab: Sleeping          |     2 |     2 |     2 ||     6
Armor: Skin              |     3 |    13 |     6 ||    22
Dodge: Dodged            |    44 |   108 |   282 ||   434

Table legend: (Time is in decaauts)
 A = Elapsed time spent in this place.
 B = Non-inter-level travel time spent in this place.
 C = Inter-level travel time spent in this place.
 D = Time resting spent in this place.
 E = Time spent auto-exploring this place.
 F = Levels seen in this place.
 G = Mean time per level.
                   A        B        C        D        E       F      G
               +--------+--------+--------+--------+--------+-----+--------+
         Total |  10838 |  10630 |    208 |   1057 |   7926 |  10 | 1083.8 |
       Dungeon |   9848 |   9662 |    186 |    706 |   7509 |   8 | 1231.0 |
        Temple |    224 |    202 |     22 |      0 |    193 |   1 |  224.0 |
         Sewer |    765 |    765 |      0 |    351 |    224 |   1 |  765.0 |
               +--------+--------+--------+--------+--------+-----+--------+

Top non-repeatable levels by time:
     D:6: 2145 daAuts
     D:5: 1734 daAuts
     D:1: 1523 daAuts
     D:4: 1462 daAuts
     D:3: 1166 daAuts
     D:2: 894 daAuts
     D:7: 890 daAuts
   Sewer: 765 daAuts
  Temple: 224 daAuts
     D:8: 31 daAuts
